Map: Oxide LE

Players

Flizzi

  • Race: Terran Terran
  • League: Master

BarcodeName - Winner!

  • Race: Zerg Zerg

VOD

Have the link to the VOD?

Description

Time

  • Played on: Aug. 25, 2021, 6:22 a.m.
  • Length: 15:59
Show
View Real Time Build Order
Export as new Build Order

Flizzi Terran 

Build Orders:  

Get SALT Encoding   

  12  0:00  SCV  
  13  0:12  SCV  
  14  0:18  Supply Depot  
  14  0:24  SCV  
  15  0:30  Refinery  
  15  0:42  Barracks  
  15  0:45  SCV  
  16  0:58  SCV  
  17  1:06  Supply Depot  
  17  1:10  SCV  
  18  1:21  Refinery  
  18  1:22  SCV  
  19  1:36  Reaper  
  20  1:41  Orbital Command  
  20  1:51  Factory  
  20  2:07  SCV  
  21  2:20  SCV  
  22  2:23  Command Center  
  22  2:43  SCV  
  23  2:53  Starport, Factory Tech Lab  
  23  2:55  SCV  
  23  2:57  Factory Reactor  
  24  3:04  Barracks Tech Lab  
  24  3:06  Supply Depot  
  24  3:07  SCV  
  25  3:19  Barracks, SCV  
  26  3:27  Armory  
  26  3:29  Engineering Bay  
  26  3:31  Starport Tech Lab  
  26  3:40  Fusion Core  
  26  3:51  Hellion  
  26  3:52  Hellion  
  30  4:03  SCV  
  30  4:04  SCV  
  30  4:08  Barracks Reactor  
  32  4:27  Battlecruiser  
  38  4:33  SCV  
  40  4:38  SCV  
  40  4:43  Refinery  
  40  4:44  Terran Infantry Weapons Level 1  
  40  4:45  Supply Depot, SCV  
  40  4:47  Marine  
  40  4:50  Hellion  
  44  4:55  Hellion  
  44  4:59  Marauder  
  48  5:03  SCV  
  48  5:04  SCV  
  50  5:07  Marine  
  50  5:09  Marine  
  50  5:14  Supply Depot  
  52  5:16  Terran Vehicle Weapons Level 1  
  52  5:19  Hellion  
  54  5:25  Marine  
  54  5:27  Marine, Stimpack  
  56  5:29  SCV  
  56  5:31  SCV  
  58  5:47  Marine x2  
  58  5:49  Marauder  
  62  5:58  SCV  
  62  5:59  SCV  
  64  6:06  Barracks  
  64  6:07  Medivac x2  
  64  6:08  Barracks  
  64  6:10  Marauder  
  70  6:12  Barracks  
  70  6:14  Marine  
  70  6:15  SCV  
  66  6:19  Supply Depot  
  62  6:30  SCV x2  
  64  6:33  Siege Tank  
  64  6:35  Marine x2  
  69  6:41  Marauder  
  69  6:42  SCV  
  72  6:59  SCV  
  72  7:00  SCV  
  74  7:11  SCV  
  74  7:12  SCV  
  76  7:23  SCV  
  76  7:24  SCV  
  78  7:33  Barracks Tech Lab x2  
  78  7:41  Supply Depot, Terran Infantry Weapons Level 2  
  78  7:42  Supply Depot  
  78  7:44  Supply Depot, Terran Vehicle Weapons Level 2  
  78  7:45  Supply Depot  
  78  8:03  Siege Tank, SCV x2  
  83  8:06  Command Center, Refinery  
  83  8:10  Marauder  
  83  8:11  Marauder, Marine x2  
  90  8:15  SCV  
  90  8:16  Medivac  
  92  8:20  Barracks Reactor  
  92  8:29  Orbital Command  
  92  8:42  Marauder x2  
  92  8:43  Marauder, Marine x2  
  92  8:46  Medivac  
  92  8:48  Command Center  
  102  9:01  Marine x4  
  106  9:03  Marauder  
  106  9:04  Marauder  
  110  9:11  Supply Depot x2  
  110  9:12  Combat Shield, Concussive Shells  
  110  9:13  Supply Depot x2  
  110  9:17  Siege Tank  
  110  9:18  Marauder, Marine x2  
  110  9:19  Marine x2  
  110  9:24  Marine x2  
  119  9:29  SCV  
  122  9:36  Marine x2  
  122  9:37  Supply Depot, Marine x2  
  126  9:39  Marine  
  126  9:42  Planetary Fortress, Marine  
  126  9:43  Refinery  
  128  9:50  Siege Tank  
  125  10:04  Refinery  
  125  10:08  Planetary Fortress  
  125  10:11  Refinery  
  125  10:22  Marauder x3, Marine x3  
  125  10:23  Siege Tank  
  125  10:24  Medivac  
  139  10:31  SCV  
  140  10:43  Marauder, SCV  
  143  10:59  Refinery  
  143  11:01  Marauder x2, Marine x4  
  151  11:04  Marauder  
  110  11:18  Marine  
  110  11:19  Marine x3  
  110  11:22  Marauder x2  
  106  11:25  Marine  
  89  11:40  Siege Tank  
  89  11:42  Marine x2  
  89  11:43  Marauder, Command Center, Marine  
  89  11:44  Marauder x2  
  84  12:05  Marauder  
  86  12:14  Factory  
  86  12:16  Marauder  
  86  12:17  Marauder, Marine x4  
  86  12:20  Factory  
  94  12:26  Marauder  
  96  12:34  Marine  
  83  12:38  Marauder  
  56  12:55  Marine, Siege Tank  
  56  12:56  Marine x5  
  59  12:59  Marauder  
  55  13:15  Marauder  
  55  13:20  Marine x3  
  55  13:21  Marine x2  
  55  13:27  Siege Tank  
  55  13:35  Factory Tech Lab, Factory Reactor  
  55  13:36  Marauder  
  55  13:38  Infernal Pre-Igniter, Marine  
  55  13:39  Marauder  
  55  13:59  Siege Tank  
  58  14:11  Siege Tank  
  58  14:13  Hellion x2  
  65  14:34  Hellion  
  65  14:35  Hellion  
  60  14:43  Siege Tank  
  62  14:56  Hellion x2  
Show
View Real Time Build Order
Export as new Build Order

BarcodeName Zerg - Winner!

Build Orders: Hatch First 

Get SALT Encoding   

  12  0:00  Drone  
  13  0:16  Overlord  
  13  0:19  Drone  
  14  0:34  Drone x2  
  16  0:50  Hatchery  
  16  0:54  Drone  
  16  0:56  Drone  
  17  1:00  Drone  
  18  1:14  Spawning Pool  
  18  1:18  Drone  
  18  1:21  Drone  
  19  1:32  Drone  
  20  1:35  Extractor  
  19  1:44  Drone  
  20  1:53  Overlord  
  20  2:09  Drone x2  
  20  2:10  Queen x2  
  26  2:16  Drone x2, Spine Crawler  
  27  2:24  Drone  
  27  2:27  Drone  
  29  2:37  Drone x2  
  31  2:46  Queen  
  31  2:47  Drone x2  
  35  2:55  Overlord  
  36  2:58  Drone  
  36  3:13  Drone x2  
  36  3:17  Drone  
  39  3:20  Drone x5  
  39  3:21  Overlord  
  44  3:31  Roach Warren  
  44  3:33  Evolution Chamber  
  42  3:37  Evolution Chamber  
  41  3:44  Lair  
  41  3:48  Drone x3, Extractor  
  43  3:50  Extractor, Drone x3  
  43  3:52  Drone x2  
  47  3:58  Overlord  
  47  4:06  Overlord  
  47  4:07  Hatchery  
  46  4:12  Zerg Missile Weapons Level 1  
  46  4:19  Roach x5  
  56  4:28  Roach x3  
  62  4:37  Overlord x2  
  62  4:39  Drone x2  
  62  4:41  Extractor  
  62  4:42  Drone  
  62  4:43  Drone  
  62  4:45  Glial Reconstitution  
  65  5:03  Drone  
  65  5:04  Drone x7  
  73  5:10  Hydralisk Den  
  73  5:13  Drone  
  73  5:15  Drone  
  74  5:31  Queen  
  74  5:33  Drone x4  
  74  5:34  Overlord  
  80  5:38  Zerg Ground Armor Level 1  
  80  5:39  Drone  
  80  5:40  Drone x5  
  86  5:49  Muscular Augments  
  86  5:51  Drone  
  86  5:55  Extractor x2  
  85  6:03  Drone x2  
  85  6:04  Drone x2  
  88  6:05  Drone x2  
  91  6:12  Hatchery  
  90  6:24  Zerg Missile Weapons Level 2  
  90  6:28  Infestation Pit  
  90  6:30  Drone  
  90  6:34  Overlord  
  90  6:35  Overlord x2  
  90  6:39  Hydralisk  
  90  6:40  Hydralisk x3  
  90  6:45  Spore Crawler  
  94  6:47  Spore Crawler  
  94  6:49  Drone, Spore Crawler  
  94  6:50  Drone  
  94  6:51  Drone x3  
  94  6:52  Drone x2  
  94  6:54  Hydralisk x5  
  97  7:00  Grooved Spines  
  99  7:01  Drone  
  96  7:09  Drone x8  
  103  7:18  Drone x2  
  103  7:19  Drone x3  
  102  7:27  Drone x2  
  102  7:28  Drone  
  103  7:33  Hydralisk  
  105  7:44  Queen  
  105  7:45  Drone x4  
  105  7:46  Drone x4, Overlord  
  105  7:47  Overlord x2  
  115  7:51  Hydralisk  
  115  7:52  Hydralisk x4  
  125  8:02  Extractor, Spore Crawler  
  125  8:03  Drone x3  
  125  8:04  Drone  
  127  8:07  Drone  
  127  8:09  Extractor  
  127  8:27  Hatchery, Drone  
  127  8:32  Overlord x2  
  127  8:33  Overlord  
  127  8:34  Overlord  
  127  8:37  Hydralisk x3  
  127  8:38  Hydralisk x8  
  149  8:48  Queen  
  151  8:57  Drone x3  
  151  8:58  Overlord x2  
  151  8:59  Hydralisk  
  151  9:00  Hydralisk x7  
  170  9:18  Hydralisk x2  
  170  9:19  Hydralisk x8  
  190  9:46  Hydralisk x3  
  190  9:47  Hydralisk x2  
  198  10:34  Overlord  
  196  10:55  Hydralisk x3  
  196  11:16  Zerg Ground Armor Level 2  
  160  11:19  Hive  
  160  11:24  Hatchery  
  160  11:25  Hydralisk x4  
  143  11:26  Hydralisk x20  
  143  11:27  Hydralisk x5  
  180  11:40  Drone x2  
  180  11:41  Extractor  
  180  11:42  Hydralisk  
  180  11:43  Hydralisk x10  
  198  11:57  Extractor  
  181  12:04  Hydralisk  
  181  12:05  Hydralisk x8  
  195  12:35  Hydralisk  
  195  12:36  Hydralisk x16  
  185  12:51  Hydralisk  
  185  12:52  Hydralisk x7  
  185  12:54  Hydralisk x2  
  185  12:55  Hydralisk  
  185  13:31  Hydralisk  
  185  13:32  Hydralisk x6  
  189  13:47  Overlord  
  181  13:55  Hydralisk  
  181  13:56  Hydralisk x9  
  191  14:14  Hydralisk  
  191  14:15  Hydralisk x6  
  193  14:34  Hydralisk x7  
  193  14:35  Hydralisk x3  
  199  14:38  Hydralisk x2  
  199  14:42  Hydralisk  
  199  14:43  Hydralisk x2  
  187  14:59  Hydralisk  
  175  15:00  Hydralisk x12  
  193  15:13  Drone x2  
  193  15:14  Drone  
  194  15:32  Extractor  
  194  15:33  Extractor  
  192  15:37  Hatchery  
Tags
 
League
Master
Matchup
TvZ
Add a new tag
Caveats
  • Supply blocks, unpowered buildings, or Contaminate may cause inaccurate times.
  • Supply counts are checked every 10 seconds.